 Dungeon Crawl Stone Soup version 0.28-a0-1629-gf728b707aa (webtiles) character file.

Game seed: 9647600121770324766

983 testman the Skirmisher (level 8, -3/62 HPs)
             Began as a Djinni Hedge Wizard on Jan 24, 2022.
             Slain by a sky beast (6 damage)
             ... on level 5 of the Dungeon.
             The game lasted 00:28:28 (6387 turns).

testman the Skirmisher (Djinni Hedge Wizard)        Turns: 6387, Time: 00:28:30

Health: -3/62      AC:  7    Str:  9    XL:     8   Next: 40%
Gold:   143        EV: 12    Int: 18    God:
                   SH:  0    Dex: 16

rFire   + + .      SeeInvis .   o - +2 dagger (holy)
rCold   . . .      Faith    .   (no shield)
rNeg    . . .      Spirit   .   p - +2 robe {rC+}
rPois   ∞          Reflect  .   b - +0 helmet
rElec   .          Harm     .   x - +0 cloak
rCorr   .          Rampage  .   t - +0 pair of fencer's gloves {Riposte Dex+3}
Will    .....                   (boots unavailable)
Stlth   ++........              (no amulet)
HPRegen 0.20/turn               s - ring of wizardry
MPRegen 0.00/turn               (no ring)

@: flying
A: sickness immunity, fire resistance 2, cold vulnerability 1, float, innate
caster, hp casting, extra vitality 1
a: no special abilities


You were on level 5 of the Dungeon.
You visited 1 branch of the dungeon, and saw 5 of its levels.

You collected 143 gold pieces.

Inventory:

Hand Weapons
 o - a +2 dagger of holy wrath (weapon)
Missiles
 e - 219 stones
 u - 5 boomerangs
 v - 8 poisoned darts
Armour
 b - a +0 helmet (worn)
 p - a +2 robe of cold resistance (worn)
 t - the +0 pair of fencer's gloves (worn) {Riposte Dex+3}
   (You found it on level 4 of the Dungeon)

   It allows the wearer to riposte with melee weapons, swiftly retaliating
   against missed attacks.
   Dex:       It affects your dexterity (+3).
 x - a +0 cloak (worn)
Jewellery
 q - a ring of fire
 s - a ring of wizardry (left hand)
 w - a +6 ring of dexterity
Wands
 m - a wand of flame (28)
Scrolls
 a - a scroll of blinking {unknown}
 c - a scroll of enchant armour {unknown}
 d - a scroll of torment {unknown}
 f - 2 scrolls of identify {unknown}
 j - a scroll of magic mapping {unknown}
 l - a scroll of teleportation {unknown}
 r - a scroll of immolation {unknown}
Potions
 g - 3 potions of curing {unknown}
 h - a potion of degeneration {unknown}
 i - 2 potions of attraction {unknown}
 k - a potion of brilliance {unknown}
 n - a potion of flight {unknown}


   Skills:
 + Level 6.3 Fighting
 - Level 2.1 Dodging
 - Level 1.5 Stealth
 + Level 5.5 Spellcasting


You couldn't memorise any spells.
You knew the following spells:

 Your Spells              Type           Power      Damage    Failure   Level
a - Magic Dart            Conj           96%        1d7       1%          1
b - Blink                 Tloc           48%        N/A       1%          2
c - Call Imp              Summ           24%        N/A       1%          2
d - Slow                  Hex            96%        N/A       1%          1
e - Conjure Flame         Conj/Fire      24%        6-21      1%          3
f - Mephitic Cloud        Conj/Pois/Air  24%        N/A       1%          3
g - Shock                 Conj/Air       96%        1d9       1%          1
h - Corpse Rot            Necr/Air       48%        N/A       1%          2
i - Lesser Beckoning      Tloc           24%        N/A       1%          3
Your spell library was empty.

Dungeon Overview and Level Annotations

Branches:
Dungeon (5/15)
 Temple: D:4-7

Altars:
Uskayaw
Vehumet
Yredelemnul
Beogh

Annotations:
D:3 3 runed translucent doors, soggyman666's ghost, amateur GnFi


Innate Abilities, Weirdness & Mutations

You are immune to sickness and miasma.
You are immune to poison.
Your flesh is very heat resistant. (rF++)
You are vulnerable to cold. (rC-)
You float through the air rather than walking.
You learn spells naturally, not from books.
Your magical power is your life essence.
You have superior vitality. (+4 MHP)


Message History

The sky beast hits you.
* * * LOW HITPOINT WARNING * * *
The sky beast shocks you.
* * * LOW HITPOINT WARNING * * *
Casting: Mephitic Cloud (safe; 1% risk of failure)
Confirm with . or Enter, or press ? or * to list all spells.
Aiming: Mephitic Cloud (safe; 1% risk of failure)
Press: ? - help, Shift-Dir - straight line, f - sky beast
Aim: a sky beast (lightly wounded, chance to affect: 77%)
The ball explodes into a vile cloud!
The stinking cloud engulfs the sky beast but does no damage.
The sky beast is lightly wounded.
The stinking cloud engulfs you but does no damage.
* * * LOW HITPOINT WARNING * * *
You hear a shout!
The sky beast is engulfed in noxious fumes.
The sky beast appears confused.
You hit the sky beast but do no damage.
The sky beast is lightly wounded.
The sky beast is engulfed in noxious fumes.
The sky beast appears confused.
The sky beast hits you but does no damage.
You hit the sky beast. Your punch misses the sky beast.
The sky beast is moderately wounded.
The sky beast is engulfed in noxious fumes.
The sky beast appears confused.
The sky beast hits you but does no damage.
You hit the sky beast but do no damage.
The sky beast is moderately wounded.
The sky beast is engulfed in noxious fumes.
You hit the sky beast but do no damage.
The sky beast is moderately wounded.
You barely miss the sky beast.
The sky beast is moderately wounded.
The sky beast flickers out of sight!
Deactivating autopickup; reactivate with Ctrl-A.
Something hits you.
* * * LOW HITPOINT WARNING * * *
Something shocks you.
You die...

## ..# #.# .
#.# .. #.####
...
#.#..##..#
#.#..)...#
##...{....##
#...@.......
#....)°°.....
#......°.....
#............
#..#.........
##.#..##.....
.....# ..#..
....### ..#.#


There were no monsters in sight!

Vanquished Creatures
  Sigmund (D:3)
  An ice beast (D:3)
  2 ogres
  A scorpion (D:5)
  2 howler monkeys
  A centaur zombie (D:5)
  A bullfrog skeleton (D:5)
  2 hounds (D:4)
  An orc priest (D:4)
  Jessica (D:2)
  An iguana (D:4)
  Ijyb (D:3)
  An orc wizard (D:5)
  Robin (D:3)
  A howler monkey skeleton (D:5)
  7 adders
  A white imp (D:5)
  An adder skeleton (D:4)
  5 worms
  8 orcs
  7 ball pythons
  2 bats
  2 endoplasms
  4 giant cockroaches
  8 hobgoblins
  3 jackals (D:4)
  3 frilled lizards
  13 goblins
  9 kobolds
  7 rats
98 creatures vanquished.

Vanquished Creatures (others)
  15 plants
15 creatures vanquished.

Grand Total: 113 creatures vanquished

Notes
Turn   | Place    | Note
-------+----------+-------------------------------------------
     0 | D:1      | testman the Djinni Hedge Wizard began the quest for the
                  | Orb.
     0 | D:1      | Reached XP level 1. HP: 15/15 MP: 0/0
   448 | D:1      | Reached XP level 2. HP: 18/22 MP: 0/0
   568 | D:1      | Reached skill level 1 in Fighting
  1837 | D:2      | Reached XP level 3. HP: 25/27 MP: 0/0
  1837 | D:2      | Learned a level 1 spell: Shock
  2367 | D:2      | Reached skill level 2 in Fighting
  2838 | D:2      | Noticed Jessica
  2841 | D:2      | Killed Jessica
  2842 | D:2      | Reached XP level 4. HP: 30/34 MP: 0/0
  3085 | D:3      | Noticed Sigmund
  3380 | D:3      | Killed Sigmund
  3381 | D:3      | Reached skill level 3 in Fighting
  3381 | D:3      | Reached XP level 5. HP: 20/41 MP: 0/0
  3381 | D:3      | Learned a level 2 spell: Corpse Rot
  3381 | D:3      | Reached XP level 6. HP: 23/47 MP: 0/0
  3431 | D:3      | Noticed Robin
  3433 | D:3      | Killed Robin
  3445 | D:3      | Reached skill level 4 in Fighting
  3694 | D:3      | Noticed Ijyb
  3712 | D:3      | Killed Ijyb
  3909 | D:3      | Found a faded altar of an unknown god.
  3986 | D:3      | Noticed an ice beast
  3994 | D:3      | Killed an ice beast
  3995 | D:3      | Reached XP level 7. HP: 45/53 MP: 0/0
  3995 | D:3      | Learned a level 3 spell: Lesser Beckoning
  4225 | D:3      | Found a runed translucent gate.
  4225 | D:3      | Found a runed translucent gate.
  4225 | D:3      | Found a runed translucent gate.
  4226 | D:3      | Noticed soggyman666's ghost (amateur GnFi)
  4227 | D:3      | Identified the +2 dagger "Daudeu" {speed, Will+}
  4689 | D:4      | Found the +0 pair of fencer's gloves {Riposte Dex+3}
  4705 | D:4      | Reached skill level 5 in Fighting
  5156 | D:4      | Found a basalt altar of Yredelemnul.
  5198 | D:4      | Reached skill level 5 in Spellcasting
  5236 | D:4      | Found a hide-covered altar of Uskayaw.
  5244 | D:4      | Reached XP level 8. HP: 58/60 MP: 0/0
  5677 | D:5      | Entered Level 5 of the Dungeon
  6031 | D:4      | Reached skill level 6 in Fighting
  6387 | D:5      | HP: 3/62 [something (2)]
  6387 | D:5      | Slain by a sky beast

Illustrated notes

Levels and vault maps discovered:
D:1:      roderic_crop_circles_arrival_small, layout_loops_corners,
          chequers_serial_rivers_large_a
D:2:      layout_basic, hangedman_decor_riveting, chequers_big_river,
          minmay_box_of_dots, uniq_jessica
D:3:      layout_basic, ebering_ecumenical_altar_webs,
          biasface_ghost_orc_armoury, minivault_26, uniq_sigmund, uniq_ijyb,
          uniq_robin
D:4:      layout_gridville, kennysheep_little_box, yredelemnul_altar_generic,
          nicolae_vehumet_radiance
D:5:      layout_cave_pools, lemuel_round_altar, patterned_corridor,
          uniq_grinder

Skill      XL: |  1  2  3  4  5  6  7  8 |
---------------+-------------------------+-----
Fighting       | 1 2 3 4 5 6 |  6.3
Spellcasting   | 3 4 5 |  5.5
Dodging        | |  2.1
Stealth        | |  1.5

Action                   |  1- 3 |  4- 6 |  7- 9 || total
-------------------------+-------+-------+-------++-------
Melee: Dagger            |    31 |    16 |    56 ||   103
       Punch             |       |       |     1 ||     1
 Cast: Magic Dart        |    36 |       |       ||    36
       Shock             |    31 |    49 |   119 ||   199
       Mephitic Cloud    |       |     3 |    10 ||    13
       Conjure Flame     |       |     1 |       ||     1
       Blink             |       |       |     1 ||     1
       Corpse Rot        |       |       |     1 ||     1
 Stab: Sleeping          |       |     2 |     1 ||     3
       Confused          |       |     1 |     2 ||     3
Armor: Robe              |     8 |     1 |    43 ||    52
Dodge: Dodged            |    26 |    16 |    63 ||   105
       Rpst.: Dagger     |       |       |    19 ||    19

Table legend: (Time is in decaauts)
 A = Elapsed time spent in this place.
 B = Non-inter-level travel time spent in this place.
 C = Inter-level travel time spent in this place.
 D = Time resting spent in this place.
 E = Time spent auto-exploring this place.
 F = Levels seen in this place.
 G = Mean time per level.
                   A        B        C        D        E       F      G
               +--------+--------+--------+--------+--------+-----+--------+
         Total |   6391 |   6258 |    133 |   2705 |   2841 |   5 | 1278.2 |
       Dungeon |   6391 |   6258 |    133 |   2705 |   2841 |   5 | 1278.2 |
               +--------+--------+--------+--------+--------+-----+--------+

Top non-repeatable levels by time:
     D:1: 1706 daAuts
     D:4: 1694 daAuts
     D:2: 1647 daAuts
     D:3: 1259 daAuts
     D:5: 83 daAuts
